Map: Automaton LE

Players

CatZ

  • Race: Zerg Zerg
  • League: Grandmaster
  • Spawn Location: 3:00

Light - Winner!

  • Race: Protoss Protoss
  • League: Grandmaster
  • Spawn Location: 9:00

VOD

Have the link to the VOD?

Description

Time

  • Played on: Jan. 18, 2019, 6:49 a.m.
  • Length: 6:02
Show
View Real Time Build Order
Export as new Build Order

CatZ Zerg 

Build Orders: Pool First 

Get SALT Encoding   

  12  0:00  Drone  
  13  0:21  Spawning Pool  
  13  0:25  Drone  
  13  0:30  Drone  
  14  0:36  Drone, Extractor  
  15  0:43  Overlord  
  15  1:08  Zergling x4  
  15  1:09  Zergling x2  
  18  1:20  Hatchery  
  18  1:22  Zergling x2  
  18  1:36  Drone  
  18  1:38  Queen  
  21  1:43  Drone  
  22  1:50  Extractor  
  22  1:51  Drone  
  22  2:02  Overlord  
  22  2:20  Queen  
  24  2:25  Drone x2  
  26  2:33  Queen  
  26  2:34  Drone  
  29  2:37  Drone  
  30  2:51  Drone x2  
  30  2:52  Spine Crawler  
  29  2:59  Zergling x4  
  30  3:08  Metabolic Boost  
  29  3:14  Spine Crawler  
  29  3:18  Zergling x4  
  30  3:27  Zergling x6  
  31  3:38  Zergling x2  
  27  3:52  Zergling x2  
  27  3:53  Zergling x2  
  28  3:57  Zergling x2  
  29  4:04  Drone  
  29  4:05  Drone  
  29  4:09  Drone  
  32  4:13  Drone  
  33  4:24  Drone x2  
  33  4:26  Drone  
  36  4:35  Baneling Nest  
  36  4:36  Drone  
  35  5:02  Zergling x8  
  32  5:07  Zergling x2  
  32  5:08  Zergling x6  
  27  5:19  Zergling x4  
  24  5:30  Zergling x2  
  21  5:36  Zergling x2  
  18  5:43  Zergling x4  
Show
View Real Time Build Order
Export as new Build Order

Light Protoss - Winner!

Build Orders: Mass Adepts 

Get SALT Encoding   

  12  0:00  Probe  
  13  0:13  Probe  
  14  0:18  Pylon  
  14  0:25  Probe  
  15  0:33  Probe  
  15  0:41  Gateway, Probe  
  17  0:50  Assimilator  
  17  0:55  Probe  
  18  0:59  Assimilator  
  18  1:08  Probe  
  18  1:11  Gateway  
  19  1:20  Probe  
  20  1:28  Cybernetics Core  
  20  1:33  Pylon  
  20  1:34  Probe  
  21  1:46  Probe  
  22  1:53  Adept x2  
  22  1:58  Probe  
  27  2:10  Warp Gate  
  27  2:14  Twilight Council  
  27  2:19  Adept x2  
  31  2:30  Pylon  
  31  2:52  Adept x2  
  35  3:10  Gateway  
  35  3:12  Shield Battery  
  35  3:15  Gateway  
  35  3:16  Resonating Glaives  
  35  3:28  Adept x2  
  37  3:53  Pylon  
  35  3:57  Pylon  
  35  4:04  Pylon  
  35  4:05  Adept  
  35  4:07  Adept  
  39  4:12  Adept  
  39  4:13  Adept  
  43  4:29  Adept x2  
  47  4:34  Adept  
  49  4:40  Pylon  
  49  4:43  Sentry  
  43  5:22  Adept x4  
  45  5:45  Adept x4  
Tags
 
Composition
Mass Adepts
Matchup
PvZ
Opening
Pool First
Player
CatZ
Spawn Locations
Cross Positions
Add a new tag
Caveats
  • Supply blocks, unpowered buildings, or Contaminate may cause inaccurate times.
  • Supply counts are checked every 10 seconds.